 Dungeon Crawl Stone Soup version 0.31-a0-949-g57150269e1 (webtiles) character file.

Game seed: 3237164557094555262

484 Ekaitz the Firebug (level 6, 0/33 HPs)
             Began as a Deep Elf Fire Elementalist on Oct 21, 2023.
             Slain by Pikel
             ... wielding a +2 whip of flaming
              (3 damage)
             ... on level 4 of the Dungeon.
             The game lasted 00:09:03 (4159 turns).

Ekaitz the Firebug (Deep Elf Fire Elementalist)     Turns: 4159, Time: 00:09:04

Health: 0/33       AC:  7    Str:  7    XL:     6   Next: 88%
Magic:  2/14       EV: 13    Int: 20    God:
Gold:   151        SH:  0    Dex: 15    Spells: 4/13 levels left

rFire   + . .        c - +2 dagger (venom)
rCold   + . .        (no shield)
rNeg    . . .        a - +2 robe {rC+ rF+}
rPois   .            (no helmet)
rElec   .            g - +0 cloak
rCorr   .            q - +0 pair of gloves
SInv    +            v - +0 pair of boots
Will    +....        (no amulet)
Stlth   ++           o - ring of see invisible
HPRegen 0.25/turn    x - ring of willpower
MPRegen 0.14/turn

%: no passive effects
@: no status effects
A: no striking features
a: no special abilities


You were on level 4 of the Dungeon.
You visited 1 branch of the dungeon, and saw 4 of its levels.
You also visited: Ossuary.

You collected 151 gold pieces.

Inventory:

Hand Weapons
 c - a +2 dagger of venom (weapon)
 m - a +0 orcbow
 p - a +3 short sword
Missiles
 w - 9 poisoned darts
Armour
 a - a +2 robe of resistance (worn)
 d - an orb of guile
 g - a +0 cloak (worn)
 q - a +0 pair of gloves (worn)
 v - a +0 pair of boots (worn)
Jewellery
 l - a ring of ice
 o - a ring of see invisible (left hand)
 x - a ring of willpower (right hand)
Wands
 t - a wand of acid (12)
 y - a wand of paralysis (5)
Scrolls
 f - a scroll of identify {unknown}
 n - a scroll of vulnerability {unknown}
 s - a scroll of enchant weapon {unknown}
 u - a scroll of noise {unknown}
Potions
 b - 2 potions of magic
 e - 4 potions of enlightenment {unknown}
 h - 2 potions of brilliance {unknown}
 i - a potion of heal wounds {unknown}
 j - a potion of invisibility {unknown}
 k - a potion of lignification {unknown}
 r - 5 potions of attraction {unknown}
 z - 2 potions of haste {unknown}
 A - 2 potions of mutation {unknown}


   Skills:
 + Level 0.4 Fighting
 + Level 1.1 Short Blades
 * Level 4.1 Dodging
 + Level 3.4 Stealth
 + Level 4.2 Spellcasting
 + Level 2.4 Conjurations
 * Level 1.5 Hexes
 * Level 2.6 Translocations
 * Level 5.6 Fire Magic


You had 4 spell levels left.
You knew the following spells:

 Your Spells              Type           Power      Damage    Failure   Level
a - Foxfire               Conj/Fire      80%        2x1d8     2%          1
b - Scorch                Fire           52%        2d7       1%          2
c - Volatile Blastmotes   Fire/Tloc      40%        2d13      7%          3
i - Inner Flame           Hex/Fire       18%        N/A       9%          3

Your spell library contained the following spells:

 Spells                   Type           Power      Damage    Failure   Level
 Flame Wave               Conj/Fire      20%        2d7       24%         4
 Iskenderun's Mystic Bla  Conj/Tloc      14%        2d5       41%         4
 Fulminant Prism          Conj/Hex       6%         3d6       50%         4


Dungeon Overview and Level Annotations

Branches:
Dungeon (4/15)            Ossuary (visited)
 Temple: D:4-7

Altars:
Ru

Annotations:
D:4 Pikel


Message History

You conjure some foxfire!
The foxfire hits Pikel but does no damage.
Pikel is severely wounded.
Pikel hits you with a +2 whip of flaming.
* * * LOW HITPOINT WARNING * * *
You hit Pikel but do no damage.
Pikel looks as sick as possible!
Pikel is severely wounded.
The foxfire hits Pikel.
Pikel is almost dead.
The foxfire hits Pikel but does no damage.
Pikel is almost dead.
The foxfire hits Pikel but does no damage.
Pikel is almost dead.
Pikel hits you with a +2 whip of flaming.
* * * LOW HITPOINT WARNING * * *
Pikel burns you.
* * * LOW HITPOINT WARNING * * *
Unknown command.
Casting: Foxfire (safe; 2% risk of failure)
Confirm with . or Enter, or press ? or * to list all spells.
Okay, then.
Aiming: Corrosive Bolt
Press: ? - help, Shift-Dir - straight line, f - Pikel
Aim: Pikel, wielding a +2 whip of flaming and wearing a +0 robe (almost dead, extremely poisoned, 64% to hit)
The bolt of acid misses Pikel.
The bolt of acid hits the lemure.
The lemure is lightly wounded.
The bolt of acid hits the lemure!
The acid corrodes the lemure!
The lemure is moderately wounded.
Pikel closely misses you.
Aiming: Corrosive Bolt
Press: ? - help, Shift-Dir - straight line, f/p - Pikel
Aim: Pikel, wielding a +2 whip of flaming and wearing a +0 robe (almost dead, extremely poisoned, 64% to hit)
The bolt of acid misses Pikel.
The bolt of acid hits the lemure!
The lemure is heavily wounded.
The bolt of acid hits the lemure!
The lemure seems to be corroded for longer.
The lemure is almost dead.
Pikel hits you with a +2 whip of flaming.
You die...
Pikel says, "Another soul for the market."

............#
#######.....##+##
#.....#...#
#.....#...#
#.....#5..#
#.#'###.K.+
#....# ...#
....#...##...#
.....#.§@K55..#
.....#.§.##...#
.... #####
....... . ...##..
...# . .... .....
...##.


You could see Pikel (extremely poisoned) and 2 lemures.

Vanquished Creatures
  Sigmund (D:2)
  2 lemures (D:4)
  An elf zombie (Ossuary)
  A centaur zombie (Ossuary)
  A hound (D:4)
  2 mummies (Ossuary)
  7 adders
  An adder zombie (Ossuary)
  2 worms
  2 dart slugs
  An orc (D:4)
  3 bats
  7 endoplasms
  A giant cockroach (D:1)
  9 goblins
  12 hobgoblins
  3 jackals (D:4)
  5 ball pythons
  3 frilled lizards (D:3)
  A goblin zombie (Ossuary)
  9 hobgoblin zombies (Ossuary)
  3 jackal zombies (Ossuary)
  12 kobolds
  11 kobold zombies (Ossuary)
  9 orc zombies (Ossuary)
  A rat (D:1)
  3 rat zombies
113 creatures vanquished.

Vanquished Creatures (others)
  320 foxfires
320 creatures vanquished.

Grand Total: 433 creatures vanquished

Notes
Turn   | Place    | Note
-------+----------+-------------------------------------------
     0 | D:1      | Ekaitz the Deep Elf Fire Elementalist began the quest for
                  | the Orb.
     0 | D:1      | Reached XP level 1. HP: 10/10 MP: 6/6
   181 | D:1      | Reached XP level 2. HP: 15/15 MP: 5/8
   184 | D:1      | Learned a level 2 spell: Scorch
   439 | D:1      | Reached skill level 4 in Fire Magic
   889 | D:2      | Reached XP level 3. HP: 17/19 MP: 4/9
   893 | D:2      | Learned a level 3 spell: Volatile Blastmotes
  1471 | D:2      | Noticed Sigmund
  1495 | D:2      | Killed Sigmund
  1496 | D:2      | Reached skill level 1 in Translocations
  1496 | D:2      | Reached skill level 5 in Fire Magic
  1496 | D:2      | Reached XP level 4. HP: 17/24 MP: 9/11
  1496 | D:2      | Reached XP level 5. HP: 20/28 MP: 9/12
  1516 | D:2      | Learned a level 3 spell: Inner Flame
  2151 | D:3      | Reached skill level 1 in Short Blades
  2152 | D:3      | Reached XP level 6. HP: 33/33 MP: 8/13
  2810 | D:4      | Found a sand-covered staircase.
  2967 | Ossuary  | Entered an ossuary
  3479 | Ossuary  | Reached skill level 1 in Hexes
  3977 | D:4      | Found a sacrificial altar of Ru.
  4143 | D:4      | Noticed Pikel
  4159 | D:4      | Slain by Pikel

Illustrated notes

Levels and vault maps discovered:
D:1:      saegor_arrival_miasma, layout_loops_cross
D:2:      minmay_kobold_bridge, layout_loops_cross,
          ebering_dispersal_statue_hall, minmay_cupped, uniq_sigmund
D:3:      layout_basic, kennysheep_generic_room_15
D:4:      layout_gridville, hangedman_ru_absence, enter_ossuary_4,
          feat_on_display, uniq_pikel

Skill      XL: |  1  2  3  4  5  6 |
---------------+-------------------+-----
Fire Magic     | 4 5 |  5.6
Dodging        | 3 4 |  4.1
Stealth        | 3 |  3.4
Translocations | 1 2 |  2.6
Conjurations   | 2 |  2.4
Short Blades   | 1 |  1.1
Hexes          | 1 |  1.5
Spellcasting   | 4 |  4.2
Fighting       | |  0.4

Action                     |  1- 3 |  4- 6 || total
---------------------------+-------+-------++-------
  Melee: Dagger            |    46 |    71 ||   117
         Punch             |     3 |     2 ||     5
         Short sword       |    13 |       ||    13
   Cast: Foxfire           |    37 |   142 ||   179
         Scorch            |     3 |     6 ||     9
         Volatile Blastmot |       |     6 ||     6
  Evoke: Wand              |       |     2 ||     2
   Stab: Sleeping          |     5 |     3 ||     8
 Armour: Robe              |    29 |    67 ||    96
  Dodge: Dodged            |    27 |    55 ||    82

Table legend: (Time is in decaauts)
 A = Elapsed time spent in this place.
 B = Non-inter-level travel time spent in this place.
 C = Inter-level travel time spent in this place.
 D = Time resting spent in this place.
 E = Time spent auto-exploring this place.
 F = Levels seen in this place.
 G = Mean time per level.
                   A        B        C        D        E       F      G
               +--------+--------+--------+--------+--------+-----+--------+
         Total |   4152 |   4022 |    130 |     18 |   3163 |   5 |  830.4 |
       Dungeon |   3233 |   3103 |    130 |     18 |   2442 |   4 |  808.2 |
       Ossuary |    919 |    919 |      0 |      0 |    721 |   1 |  919.0 |
               +--------+--------+--------+--------+--------+-----+--------+

Top non-repeatable levels by time:
     D:3: 1054 daAuts
 Ossuary: 919 daAuts
     D:2: 894 daAuts
     D:1: 809 daAuts
     D:4: 475 daAuts
